 Dungeon Crawl Stone Soup version 0.20-a0-947-g2784f4f (webtiles) character file.

17514 Lifeless the Carver (level 12, -13/65 HPs)
             Began as a Vine Stalker Fighter on Apr 2, 2017.
             Was a High Priest of Okawaru.
             Mangled by an Executioner (15 damage)
             ... on level 2 of the Abyss on Apr 3, 2017.
             The game lasted 01:13:10 (12976 turns).

Lifeless the Carver (Vine Stalker Fighter)         Turns: 12976, Time: 01:13:11

Health: -13/65     AC: 17    Str: 21    XL:     12   Next: 48%
Magic:  0/13       EV:  5    Int:  8    God:    Okawaru [*****.]
Gold:   745        SH: 12    Dex: 17    Spells: 8/11 levels left

rFire    . . .     SeeInvis .   a - +0 long sword
rCold    . . .     Gourm    .   c - +0 shield
rNeg     . . .     Faith    .   s - +0 plate armour
rPois    +         Spirit   +   d - +0 hat
rElec    .         Reflect  .   F - +0 cloak
rCorr    .         Harm     .   (no gloves)
MR       ++...                  Q - +1 pair of boots {Fly}
Stlth    ..........             o - amulet of rage
Regen    1.0/turn               J - ring of poison resistance
MPRegen  0.2/turn               I - ring of protection from magic

@: about to teleport, flying, drained
A: fangs 3, regeneration 2, magic shield, antimagic bite, no potion heal 3, rot
immunity
a: Heroism, Finesse, Renounce Religion, Evoke Berserk Rage, Stop Flying


You were on level 2 of the Abyss.
You worshipped Okawaru.
Okawaru was extremely pleased with you.
You were not hungry.

You visited 3 branches of the dungeon, and saw 13 of its levels.
You visited the Abyss 1 time.

You collected 745 gold pieces.

Inventory:

Hand Weapons
 a - a +0 long sword (weapon)
Missiles
 P - 23 arrows
Armour
 c - a +0 shield (worn)
 d - a +0 hat (worn)
 s - a +0 plate armour (worn)
 F - a +0 cloak (worn)
 Q - a +1 pair of boots of flying (worn)
Jewellery
 o - an amulet of rage (around neck)
 G - an uncursed ring of resist corrosion
 I - a ring of protection from magic (right hand)
 J - a ring of poison resistance (left hand)
 N - an uncursed ring of ice
Wands
 b - a wand of polymorph (8/24)
 q - a wand of acid (0/15)
 t - a wand of iceblast (0/15)
 D - a wand of disintegration (10/24)
 H - a wand of confusion (10/48)
 L - a wand of lightning (5/15)
 R - a wand of digging (18/24)
Scrolls
 e - a scroll of fear
 i - 7 scrolls of teleportation
 j - a scroll of amnesia {unknown}
 k - 9 scrolls of remove curse
 m - 3 scrolls of enchant weapon
 n - a scroll of blinking {unknown}
 p - a scroll of recharging
 w - a scroll of immolation {unknown}
 y - 2 scrolls of magic mapping
 A - 4 scrolls of enchant armour
 B - a scroll of holy word {unknown}
 O - a scroll of noise {unknown}
Potions
 l - 5 potions of curing
 r - 3 potions of ambrosia {unknown}
 u - a potion of degeneration {unknown}
 v - 4 potions of mutation {unknown}
 x - 3 potions of lignification {unknown}
 z - 2 potions of heal wounds {unknown}
 C - a potion of flight {unknown}
 E - 2 potions of brilliance {unknown}
 K - a potion of haste {unknown}
 M - a potion of agility {unknown}
Comestibles
 f - 5 bread rations
 g - 9 meat rations
 h - 6 royal jellies


   Skills:
 + Level 8.8(8.5) Fighting
 * Level 11.7(11.3) Long Blades
 + Level 8.1(7.7) Armour
 + Level 8.9(8.5) Shields


You had 8 spell levels left.
You knew the following spells:

 Your Spells              Type           Power        Failure   Level  Hunger
a - Magic Dart            Conj           #...         100%        1    ##.....
b - Blink                 Tloc           N/A          100%        2    ###....


Dungeon Overview and Level Annotations

Branches:
Dungeon (11/15)            Temple (1/1) D:7            Lair (1/6) D:8
    Orc: D:9-12

Altars:
Ashenzari
Cheibriados
Dithmenos
Elyvilon
Fedhas
Gozag
Hepliaklqana
Kikubaaqudgha
Makhleb
Nemelex Xobeh
Okawaru
Qazlal
Ru
Sif Muna
Trog
Uskayaw
Vehumet
Wu Jian
Xom
Yredelemnul
Zin
The Shining One
Beogh

Annotations:
D:10 Snorg
Lair:1 Sonja


Innate Abilities, Weirdness & Mutations

You have razor-sharp teeth.
You heal very quickly.
When hurt, damage is shared between your health and your magic reserves.
Your bite disrupts and absorbs the magic of your enemies.
Potions cannot restore your health.
You are immune to rotting.


Message History

* * * LOW HITPOINT WARNING * * *
The Executioner hits you but does no damage.
You block the Executioner's attack. The Executioner hits you!
* * * LOW HITPOINT WARNING * * *
You block the Executioner's attack. The Executioner hits you.
* * * LOW HITPOINT WARNING * * *
The Executioner hits you but does no damage.
You block the Executioner's attack.
The Executioner hits you but does no damage.
The Executioner hits you but does no damage.
You block the Executioner's attack.
The Executioner hits you but does no damage.
The Executioner hits you!
* * * LOW HITPOINT WARNING * * *
You block the Executioner's attack. The Executioner hits you.
You block the Executioner's attack. x2
The Executioner hits you but does no damage. x4
The Executioner hits you!
You die...

##+## #..@#
#.1.# ##..
#...# #....
##.##
##.#.#####.#
#.
..#...#.#.#
## .......
.#'#)....
..##.........
..#
............
#.


You could see an Executioner.

Vanquished Creatures
  Fannar (D:11)
  2 hydras
  2 two-headed ogres
  The ghost of herpmino the Grappler, a novice TrMo of Ru (D:10)
  A tengu warrior (D:7)
  The ghost of Koga the Spear-Bearer, a novice DsFi of Cheibriados (D:9)
  Pikel (D:7)
  An ugly thing (D:11)
  A deep elf mage (D:8)
  2 cyclopes
  A troll (D:11)
  A hornet (D:10)
  4 hippogriffs
  Sigmund (D:2)
  9 yaks
  2 wraiths (D:10)
  Eustachio (D:6)
  A human (D:8)
  4 hogs (D:8)
  A steam dragon (D:11)
  Edmund (D:4)
  An acid dragon (D:11)
  Duvessa (D:5)
  A water moccasin (Lair:1)
  8 ice beasts
  3 orc warriors (D:9)
  An eye of draining (D:11)
  3 sky beasts
  2 slaves (D:7)
  3 necrophages
  5 ogres
  4 phantoms
  A centaur (D:11)
  Blork the orc (D:6)
  5 bullfrogs
  A gnoll sergeant (D:9)
  Dowan (D:5)
  A wyvern zombie (D:9)
  4 scorpions
  8 wights (D:11)
  4 killer bees (D:9)
  2 howler monkeys
  3 crimson imps
  2 quasits
  2 bullfrog zombies
  4 centaur zombies
  3 jellies
  A bullfrog skeleton (D:10)
  A gnoll shaman (D:8)
  6 orc priests
  A centaur skeleton (D:11)
  4 hounds
  7 orc wizards
  5 iguanas
  5 worker ants
  2 hound skeletons
  2 howler monkey zombies
  8 gnolls
  9 adders
  2 adder skeletons
  2 adder zombies
  5 worms
  2 dart slugs
  5 leopard geckos
  56 orcs
  6 giant cockroaches
  4 hobgoblins
  20 jackals
  2 kobolds (D:3)
  8 quokkas
  A ball python (D:5)
  4 bats
  A frilled lizard (D:1)
  5 goblins
  A jackal skeleton (D:6)
  8 rats
296 creatures vanquished.

Vanquished Creatures (others)
  A slave (D:7)
  An orc wizard (D:7)
  An orc (D:7)
  A plant (Lair:1)
4 creatures vanquished.

Grand Total: 300 creatures vanquished

Notes
Turn   | Place    | Note
-------+----------+-------------------------------------------
     0 | D:1      | Lifeless the Vine Stalker Fighter began the quest for the Orb.
     0 | D:1      | Reached XP level 1. HP: 11/11 MP: 2/2
   852 | D:2      | Reached skill level 2 in Long Blades
   923 | D:2      | Reached XP level 2. HP: 8/16 MP: 3/3
  1355 | D:2      | Reached XP level 3. HP: 20/20 MP: 4/4
  1985 | D:2      | Noticed Sigmund
  2017 | D:2      | Killed Sigmund
  2017 | D:2      | Reached skill level 3 in Long Blades
  2017 | D:2      | Gained mutation: Your natural rate of healing is unusually fast. [Vine Stalker growth]
  2017 | D:2      | Reached XP level 4. HP: 11/24 MP: 3/5
  2017 | D:2      | Reached XP level 5. HP: 13/28 MP: 3/6
  2068 | D:2      | Found a sacrificial altar of Ru.
  2070 | D:2      | Found a radiant altar of Vehumet.
  2327 | D:3      | Reached XP level 6. HP: 31/32 MP: 7/7
  2486 | D:3      | Reached skill level 4 in Long Blades
  3309 | D:4      | Noticed Edmund
  3370 | D:4      | Killed Edmund
  3370 | D:4      | Reached XP level 7. HP: 24/37 MP: 6/8
  4086 | D:5      | Entered Level 5 of the Dungeon
  4100 | D:5      | Reached skill level 5 in Long Blades
  4156 | D:5      | Noticed Duvessa
  4156 | D:5      | Noticed Dowan
  4173 | D:5      | Gained mutation: You have razor-sharp teeth. [Vine Stalker growth]
  4173 | D:5      | Reached XP level 8. HP: 42/42 MP: 9/9
  4178 | D:5      | Killed Duvessa
  4184 | D:5      | Killed Dowan
  4706 | D:6      | Reached skill level 6 in Long Blades
  4738 | D:6      | Reached skill level 5 in Fighting
  4738 | D:6      | Reached skill level 5 in Shields
  4811 | D:6      | Found a stormy altar of Qazlal.
  4892 | D:6      | Noticed Blork the orc
  4905 | D:6      | Killed Blork the orc
  5172 | D:6      | Reached XP level 9. HP: 38/47 MP: 10/10
  5179 | D:6      | Noticed Eustachio
  5201 | D:6      | Killed Eustachio
  5443 | D:7      | Reached skill level 7 in Long Blades
  5490 | D:7      | Noticed Pikel
  5576 | D:7      | Killed Pikel
  5576 | D:7      | Reached skill level 5 in Armour
  5643 | D:7      | Found a shadowy altar of Dithmenos.
  5761 | D:7      | Found a staircase to the Ecumenical Temple.
  5778 | Temple   | Entered the Ecumenical Temple
  6001 | Temple   | Became a worshipper of Warmaster Okawaru
  6372 | D:8      | Noticed a two-headed ogre
  6527 | D:7      | Killed a two-headed ogre
  6527 | D:7      | Reached * piety under Okawaru
  6527 | D:7      | Reached skill level 8 in Long Blades
  6527 | D:7      | Reached XP level 10. HP: 26/53 MP: 8/11
  6639 | D:8      | Noticed a tengu warrior
  6813 | D:7      | Killed a tengu warrior
  6934 | D:8      | Found a bloodstained altar of Trog.
  6934 | D:8      | Found a basalt altar of Yredelemnul.
  7226 | D:8      | Noticed a cyclops
  7233 | D:8      | Killed a cyclops
  7233 | D:8      | Reached skill level 9 in Long Blades
  7457 | D:8      | Reached ** piety under Okawaru
  7482 | D:8      | Noticed a two-headed ogre
  7602 | D:8      | Killed a two-headed ogre
  7846 | D:8      | Found a roughly hewn altar of Beogh.
  7921 | D:8      | Found a staircase to the Lair.
  7929 | D:8      | Noticed a deep elf mage
  7939 | D:8      | Killed a deep elf mage
  7999 | D:8      | Reached XP level 11. HP: 58/58 MP: 12/12
  8007 | D:8      | Reached *** piety under Okawaru
  8202 | D:9      | Reached skill level 10 in Long Blades
  8209 | D:9      | Noticed Koga's ghost (novice DsFi)
  8320 | D:9      | Killed Koga's ghost
  9093 | D:9      | Reached **** piety under Okawaru
  9221 | D:9      | Found a glowing golden altar of the Shining One.
  9758 | D:10     | Entered Level 10 of the Dungeon
  9992 | D:10     | Noticed herpmino's ghost (novice TrMo)
 10177 | D:9      | Learned a level 1 spell: Magic Dart
 10180 | D:9      | Learned a level 2 spell: Blink
 10494 | D:10     | Paralysed by a hornet for 2 turns
 10623 | D:10     | Received a gift from Okawaru
 10949 | D:10     | Killed herpmino's ghost
 11136 | D:10     | Reached ***** piety under Okawaru
 11175 | D:10     | Reached skill level 11 in Long Blades
 11449 | D:11     | Noticed a cyan ugly thing
 11460 | D:11     | Killed a cyan ugly thing
 11460 | D:11     | Gained mutation: You heal very quickly. [Vine Stalker growth]
 11460 | D:11     | Reached XP level 12. HP: 65/65 MP: 13/13
 11610 | D:11     | Noticed an eight-headed hydra
 11704 | D:11     | Killed an eight-headed hydra
 11807 | D:11     | Noticed Fannar
 11846 | D:11     | Noticed Snorg
 12176 | D:11     | Received a gift from Okawaru
 12687 | D:11     | Killed Fannar
 12856 | Lair:1   | Entered Level 1 of the Lair of Beasts
 12856 | Lair:1   | Noticed an eight-headed hydra
 12865 | Lair:1   | Killed an eight-headed hydra
 12881 | Lair:1   | Noticed Sonja
 12947 | Lair:1   | Cast into level 2 of the Abyss (Sonja)
 12966 | Abyss:2  | Noticed an Executioner
 12975 | Abyss:2  | HP: 1/65 [Executioner (9)]
 12976 | Abyss:2  | Mangled by an Executioner

Vault maps used:
D:1:      minmay_arrival_four_loops
D:2:      grunt_temple_overflow_open, first_bread, uniq_sigmund
D:4:      abandoned_shop, uniq_edmund
D:5:      lemuel_old_faithful, uniq_duvessa
D:6:      minmay_misc_feat_room, nicolae_qazlal_general_emergency,
          uniq_eustachio, uniq_blork_the_orc
D:7:      minmay_temple_entry_poolview, minmay_item_behind_shaft, nrook_uturn,
          nicolae_dithmenos_through_a_glass_darkly, uniq_pikel
D:8:      minmay_cornered_nines, gammafunk_temple_overflow_wave,
          lair_entry_dummy, special_room, grunt_livestock, hex_tiny
D:9:      tso_metal_star
D:11:     uniq_snorg, uniq_fannar
Temple:   dpeg_five_rooms_temple
Lair:1:   worms_lemuel, lemuel_fruit_tree, grunt_megastairs_5,
          lemuel_fruit_fields, uniq_sonja
Abyss:2:  evilmike_abyss_exit_chaos

Skill      XL: |  1  2  3  4  5  6  7  8  9 10 11 12 |
---------------+-------------------------------------+-----
Long Blades    | 2 3 4 5 6 8 9 11 | 11.7
Fighting       | 3 4 5 6 7 8 |  8.8
Shields        | 3 4 5 6 7 8 |  8.9
Armour         | 3 4 5 6 7 8 |  8.1

Action                   |  1- 3 |  4- 6 |  7- 9 | 10-12 || total
-------------------------+-------+-------+-------+-------++-------
Melee: Long sword        |    82 |   154 |   285 |   966 ||  1487
       Bite              |    28 |    49 |   121 |   390 ||   588
Invok: Heroism           |       |       |       |     9 ||     9
       Finesse           |       |       |       |     1 ||     1
 Abil: Evoke Berserk Rag |       |       |       |     2 ||     2
Evoke: Wand              |       |       |     3 |    25 ||    28
  Use: Scroll            |       |       |     2 |    14 ||    16
       Potion            |       |       |       |     3 ||     3
  Eat: Chunk             |     1 |     3 |    10 |    15 ||    29
       Royal jelly       |     1 |     1 |       |       ||     2
       Fruit             |       |       |       |     7 ||     7
       Bread ration      |       |       |       |     1 ||     1
Armor: Scale mail        |    10 |       |       |       ||    10
       Chain mail        |    32 |    44 |       |       ||    76
       Plate armour      |       |    40 |   106 |   511 ||   657
Dodge: Dodged            |    17 |    25 |    38 |   143 ||   223
Block: Shield            |    37 |    68 |   106 |   520 ||   731
       Rpst.: Long sword |     6 |     7 |    10 |    31 ||    54
